 Dungeon Crawl Stone Soup version 0.25.1-9-gc5326a611f (webtiles) character file.

Game seed: 8571449380963924040

53 Gabide the Shooter (level 4, -1/32 HPs)
             Began as a Human Wanderer on Jan 2, 2021.
             Slain by a worker ant (6 damage)
             ... on level 1 of the Dungeon.
             The game lasted 00:02:35 (748 turns).

Gabide the Shooter (Human Wanderer)                  Turns: 748, Time: 00:02:36

Health: -1/32      AC:  3    Str: 15    XL:     4   Next: 10%
Magic:  4/4        EV: 11    Int: 12    God:
Gold:   35         SH:  0    Dex: 11    Spells: 3/3 levels left

rFire    . . .     SeeInvis .   c - +0 hand axe
rCold    . . .     Gourm    .   (no shield)
rNeg     . . .     Faith    .   e - +1 robe
rPois    .         Spirit   .   (no helmet)
rElec    .         Reflect  .   (no cloak)
rCorr    .         Harm     .   (no gloves)
MR       .....                  (no boots)
Stlth    +.........             (no amulet)
HPRegen  0.10/turn              (no ring)
MPRegen  0.09/turn              (no ring)

@: no status effects
A: no striking features
a: no special abilities


You were on level 1 of the Dungeon.
You were not hungry.

You visited 1 branch of the dungeon, and saw 2 of its levels.

You collected 35 gold pieces.

Inventory:

Hand Weapons
 a - a +2 shortbow
 c - a +0 hand axe (weapon)
Armour
 e - a +1 robe (worn)
Jewellery
 m - an uncursed ring of poison resistance {unknown}
Potions
 g - a potion of haste {unknown}
 h - a potion of might {unknown}
 k - a potion of heal wounds {unknown}
 l - a potion of berserk rage {unknown}
Comestibles
 f - 4 rations
 i - 4 chunks of flesh


   Skills:
 + Level 1.2 Fighting
 * Level 4.3 Bows
 - Level 1.0 Throwing
 - Level 4.0 Armour
 * Level 1.0 Dodging
 + Level 1.1 Stealth


You had 3 spell levels left.
You didn't know any spells.
Your spell library was empty.

Dungeon Overview and Level Annotations

Branches:
Dungeon (2/15)

Altars:

Annotations:
D:2 Robin


Message History

Press: ? - help, Shift-Dir - straight line, f/p - adder
Aim: an adder (heavily wounded)
Okay, then.
Firing (i - inventory) No suitable missiles.
Press: ? - help, Shift-Dir - straight line, f/p - adder
Aim: an adder (heavily wounded)
Okay, then.
c - a +0 hand axe (weapon)
The adder closely misses you. The worker ant barely misses you.
You miss the adder.
The adder is heavily wounded.
You barely miss the worker ant. The adder bites you but does no damage.
The worker ant bites you!
You barely miss the adder.
The adder is heavily wounded.
You closely miss the worker ant. The adder completely misses you.
The worker ant bites you!
* * * LOW HITPOINT WARNING * * *
The adder closely misses you. The worker ant bites you.
You die...

#.################
#.................
#.################
#.# # #.# #
########.## #
#.........# #
#.).......##########
#
#......S@........).#
#
#......a..########.#
# #.........# #.# #
#.........# #.## #
#.....)...# #..# #
#.........# ##.## #
##.........# #..# #
#..........# ##.# #
#...######## #.# #


You could see a worker ant and an adder.

Vanquished Creatures
  An ooze (D:2)
  A leopard gecko (D:2)
  3 giant cockroaches (D:1)
  4 goblins
  10 hobgoblins
  6 jackals (D:1)
  2 quokkas (D:2)
  4 bats (D:1)
  A frilled lizard (D:1)
  3 kobolds
  5 rats (D:1)
40 creatures vanquished.

Notes
Turn   | Place    | Note
-------+----------+-------------------------------------------
     0 | D:1      | Gabide the Human Wanderer began the quest for the Orb.
     0 | D:1      | Gabide set off with the following items: a +2 shortbow, 25
                  | arrows, a +0 hand axe, a potion of curing, a +0 robe, a
                  | ration
     0 | D:1      | Reached XP level 1. HP: 15/15 MP: 1/1
   104 | D:1      | Reached XP level 2. HP: 21/21 MP: 2/2
   186 | D:1      | Reached XP level 3. HP: 26/26 MP: 3/3
   303 | D:1      | Reached skill level 1 in Dodging
   699 | D:2      | Reached XP level 4. HP: 32/32 MP: 4/4
   720 | D:2      | Noticed Robin
   748 | D:1      | Slain by a worker ant

Illustrated notes

Levels and vault maps discovered:
D:1:      dpeg_arrival_another_circle, layout_basic
D:2:      layout_rooms, lemuel_coloured_pillars_altar, uniq_robin

Skill      XL: |  1  2  3 |
---------------+----------+-----
Dodging        | 1 |  1.0
Bows           | 4 |  4.3
Fighting       | |  1.2
Throwing       | |  1.0
Armour         | |  4.0
Stealth        | |  1.1

Action                   |  1- 3 |  4- 6 || total
-------------------------+-------+-------++-------
Melee: Hand axe          |       |     2 ||     2
 Fire: Shortbow          |    89 |    14 ||   103
  Use: Scroll            |     2 |       ||     2
       Potion            |       |     1 ||     1
Armor: Robe              |     8 |     2 ||    10
Dodge: Dodged            |    20 |    11 ||    31
